AoeStats
← tico do bar

Enclosed

506627938Analyzed
1v1 RM · 19d ago on Sep 14, 2026· 62m 12s· 2 players
Game mode
Random Map
Map size
Tiny (2 player)
Population
200
Speed
Normal
Resources
Standard
Victory
Conquest
Starting age
Dark Age
Ending age
Imperial Age
RankedLock teamsTeams togetherTeam positionsShared explorationLock speedFull tech treeHidden civsTurbo modeCheats
Victory
Defeat
🇦🇹 Italians · Austria
972
+14
🇧🇷 Portuguese · Brazil
933
-14
tico do bar
4:34 Loom
10:12 Feudal Age
16:48 Castle Age
14:41 Double-Bit Axe
14:57 Horse Collar
15:48 Man-at-Arms
17:45 Gold Mining
17:31 Long Swordsman
20:18 Wheelbarrow
22:52 Scale Mail Armor
23:47 Pikeman
33:13 Imperial Age
33:41 Elite Organ Gun
33:58 Elite Organ Gun
35:03 Bow Saw
37:59 Ballistics
39:06 Two-Man Saw
41:17 Heavy Plow
42:42 Hand Cart
risadevenganza
8:26 Loom
10:37 Feudal Age
15:13 Wheelbarrow
15:30 Double-Bit Axe
17:47 Castle Age
17:12 Gold Mining
17:28 Fletching
17:39 Padded Archer Armor
20:17 Bodkin Arrow
20:35 Forging
26:18 Iron Casting
26:06 Bloodlines
27:26 Scale Barding Armor
37:14 Imperial Age
36:22 Bodkin Arrow
36:43 Leather Archer Armor
40:05 Blast Furnace
39:48 Horse Collar
41:49 Guilds
42:34 Chain Barding Armor
42:49 Cavalier
44:55 Bow Saw
44:10 Light Cavalry
44:52 Husbandry
45:11 Heavy Plow
46:03 Stone Mining
46:29 Scale Mail Armor
47:14 Plate Barding Armor
47:25 Conscription
47:11 Hussar
52:20 Two-Man Saw
53:28 Town Watch
54:33 Stone Shaft Mining
Connection lost

Rejoining the realm…

Still unreachable

The connection could not be restored.

Session expired

The server has moved on; the page needs a fresh start.